 Dungeon Crawl Stone Soup version 0.17-a0-1805-g6093636 (webtiles) character file.

15235 luca467 the Martial Artist (level 11, -20/90 HPs)
             Began as a Demonspawn Monk on Sept 12, 2015.
             Killed from afar by a frost giant (36 damage)
             ... with a bolt of cold
             ... in an ice cave.
             The game lasted 01:19:33 (15191 turns).

luca467 the Martial Artist (Demonspawn Monk)       Turns: 15191, Time: 01:19:34

Health: -20/90     AC:  9    Str: 14    XL:     11   Next: 99%
Magic:  9/9        EV: 20    Int: 10    God:
Gold:   1172       SH:  2    Dex: 20    Spells: 0 memorised, 10 levels left

rFire  . . .     SeeInvis .       - Unarmed
rCold  . . .     Clarity  .     a - +0 robe
rNeg   + . .     SustAt   .     (no shield)
rPois  .         Gourm    .     f - +0 helmet
rElec  .         Spirit   .     l - +2 cloak
rCorr  .         Warding  .     z - +0 pair of gloves
rMut   .         Stasis   +     (no boots)
MR     .....                    v - amulet of stasis
Stlth  +.........               G - +2 ring of strength
                                t - ring of positive energy

@: studying Staves, not resistant to hostile enchantments, very unstealthy
A: large bone plates 1, demonic guardian 1, foul stench 1, low mp 1, rot
immunity
a: no special abilities


You were in an ice cave.
You were not hungry.

You visited 2 branches of the dungeon, and saw 13 of its levels.
You also visited: Ice Cave.

You collected 1172 gold pieces.

Inventory:

Hand weapons
 d - a +1 blowgun
Missiles
 s - 10 poisoned needles
 B - 6 needles of confusion
 L - a tomahawk (quivered)
Armour
 a - a +0 robe (worn)
 f - a +0 helmet (worn)
 l - a +2 cloak (worn)
 z - a +0 pair of gloves (worn)
Jewellery
 r - an uncursed ring of ice
 t - a ring of positive energy (left hand)
 v - an amulet of stasis (around neck)
 G - a +2 ring of strength (right hand)
 S - a +2 ring of strength
Magical devices
 c - a wand of disintegration (8)
 h - a wand of slowing (12)
 i - a wand of teleportation (0)
 k - a wand of fireball (0)
 p - a wand of digging (15)
 y - a wand of frost (39)
 E - a wand of invisibility (6)
 M - a wand of random effects (35)
 P - a wand of lightning (10)
 Q - a wand of hasting (4)
 U - a wand of draining (6)
Scrolls
 w - 3 scrolls of remove curse
 D - 2 scrolls of fear
 K - 2 scrolls of amnesia
 T - a scroll of teleportation
Potions
 e - 2 potions of mutation
 m - 3 potions of brilliance
 n - 2 potions of lignification {unknown}
 o - a potion of magic
 q - a potion of cure mutation {unknown}
 u - a potion of flight {unknown}
 x - a potion of resistance {unknown}
 A - a potion of might {unknown}
 I - a potion of cancellation {unknown}
 R - a potion of berserk rage
Books
 g - a manual of Staves
 C - a book of Changes

   Spells                             Type                      Level
   a - Beastly Appendage              Transmutation                1
   b - Sticks to Snakes               Transmutation                2
   c - Spider Form                    Transmutation/Poison         3
   d - Ice Form                       Ice/Transmutation            4
   e - Blade Hands                    Transmutation                5
 F - a book of Fire

   Spells                             Type                      Level
   a - Ignite Poison                  Fire/Transmutation/Poison    3
   b - Fireball                       Conjuration/Fire             5
   c - Bolt of Fire                   Conjuration/Fire             6
   d - Delayed Fireball               Conjuration/Fire             7
   e - Ring of Flames                 Charms/Fire                  7
 H - a book of Alchemy

   Spells                             Type                      Level
   a - Sublimation of Blood           Necromancy                   2
   b - Ignite Poison                  Fire/Transmutation/Poison    3
   c - Alistair's Intoxication        Transmutation/Poison         4
   d - Condensation Shield            Ice                          4
   e - Petrify                        Transmutation/Earth          4
   f - Irradiate                      Conjuration/Transmutation    5
 J - a book of the Tempests

   Spells                             Type                      Level
   a - Static Discharge               Conjuration/Air              3
   b - Lightning Bolt                 Conjuration/Air              5
   c - Fireball                       Conjuration/Fire             5
   d - Tornado                        Air                          9
   e - Shatter                        Earth                        9
 O - a book of Flames

   Spells                             Type                      Level
   a - Flame Tongue                   Conjuration/Fire             1
   b - Throw Flame                    Conjuration/Fire             2
   c - Conjure Flame                  Conjuration/Fire             3
   d - Inner Flame                    Hexes/Fire                   3
   e - Sticky Flame                   Conjuration/Fire             4
   f - Fireball                       Conjuration/Fire             5
Comestibles
 b - 10 bread rations
 j - 2 meat rations


   Skills:
 + Level 10.0 Fighting
 + Level 0.1 Throwing
 + Level 9.3 Dodging
 - Level 1.7 Stealth
 * Level 13.1 Unarmed Combat


You had 10 spell levels left.
You didn't know any spells.

Dungeon Overview and Level Annotations

Branches:
Dungeon (10/15)            Temple (0/1) D:7            Lair (0/8) D:10
    Orc (3/4) D:10
    Elf: Orc:3-4

Altars:
Ashenzari
Cheibriados
Dithmenos
Fedhas
Makhleb
Nemelex Xobeh
Vehumet
Yredelemnul
The Shining One


Innate Abilities, Weirdness & Mutations

You are partially covered in large bone plates (AC +2, SH +2).
A weak demonic guardian rushes to your aid.
You may emit foul miasma when damaged in melee.
You are immune to rotting.
Your magical capacity is low (-10% MP).


Message History

The frost giant freezes your iron imp.
Your iron imp hits the frost giant!
Throwing (i - inventory):
L - 2 tomahawks (quivered)
Press: ? - help, Shift-Dir - straight line, f/p - frost giant
Aim: a frost giant, wielding a battleaxe of freezing (lightly wounded)
You throw a tomahawk.
The tomahawk hits the frost giant but does no damage.
The frost giant is lightly wounded.
The frost giant points at you and mumbles some strange words.
The bolt of cold hits you!
Ouch! That really hurt!
* * * LOW HITPOINT WARNING * * *
Your iron imp hits the frost giant.
Something hits your iron imp!!
Your iron imp dies!
You see here a yak corpse.
You enter the shallow water.
Moving in this stuff is going to be slow.
The frost giant gestures at you while chanting.
The bolt of cold hits you!
You die...

###...# ##...## #≈≈≈≈≈#
##...## #..### ##≈≈#≈#≈≈
...### ##..####≈≈≈≈≈≈≈≈
.### ##..###≈≈≈≈≈≈≈≈≈ ##
#.§### ≈≈≈≈#≈≈#
##§§≈####≈≈≈#####
####≈≈#≈≈≈##C..###
##≈≈≈5#§..##†.##
#≈≈≈#@§.#####..#
#≈≈≈#######..#..########
≈≈≈≈≈# #..#.C.##.(h#
##### #######.Ch##.
#######


You could see a frost giant and a friendly iron imp.

Vanquished Creatures
  An orc high priest (Orc:1)
  A hill giant (D:10)
  The ghost of luca467 the Skirmisher, an experienced OpFi of Dithmenos (D:6)
  An ugly thing (D:10)
  A fire drake (D:10)
  A merfolk (D:10)
  2 trolls
  14 polar bears (IceCv)
  Grinder (D:3)
  A wyvern (D:9)
  7 yaks (IceCv)
  2 hippogriffs
  A hungry ghost (D:10)
  17 wolves (IceCv)
  3 phantoms
  An eye of draining (D:10)
  8 ice beasts
  A sky beast (D:9)
  5 ogres
  8 orc warriors
  3 black bears
  3 necrophages (D:9)
  4 centaurs
  2 big kobolds
  4 giant frogs
  2 scorpions (D:4)
  A wight (D:10)
  2 giant frog zombies
  5 crimson imps
  6 orc priests
  2 iguanas
  A quasit (D:10)
  Crazy Yiuf (D:4)
  Ijyb (D:3)
  7 hounds
  A giant frog skeleton (D:5)
  Jessica (D:2)
  A centaur skeleton (D:6)
  15 orc wizards
  6 worker ants
  Terence (D:2)
  A gnoll shaman (D:8)
  Natasha (D:4)
  A hound zombie (D:7)
  A worker ant zombie (D:10)
  Robin (D:3)
  6 gnolls
  2 shadow imps
  9 adders
  An ooze (D:6)
  An adder skeleton (D:4)
  2 worms
  4 giant geckos
  65 orcs
  4 bats
  3 giant cockroaches
  17 goblins
  16 hobgoblins
  6 jackals
  15 kobolds
  4 quokkas
  A giant gecko zombie (D:6)
  5 giant newts
  A quokka skeleton (D:5)
  A quokka zombie (D:9)
  9 rats
  A bush (D:9)
  A fungus (D:4)
325 creatures vanquished.

Vanquished Creatures (collateral kills)
  A hill giant (D:10)
  An orc warrior (D:10)
  An ice beast (Orc:3)
  A necrophage (D:9)
  An adder zombie (D:9)
  3 orcs
8 creatures vanquished.

Vanquished Creatures (others)
  2 wolves (IceCv)
  A giant newt (D:2)
  3 plants (D:9)
6 creatures vanquished.

Grand Total: 339 creatures vanquished

Notes
Turn   | Place    | Note
--------------------------------------------------------------
     0 | D:1      | luca467 the Demonspawn Monk began the quest for the Orb.
     0 | D:1      | Reached XP level 1. HP: 18/18 MP: 1/1
   606 | D:1      | Gained mutation: You are partially covered in large bone plates (AC +2, SH +2). [demonic ancestry]
   606 | D:1      | Reached XP level 2. HP: 22/24 MP: 2/2
  1010 | D:2      | Noticed Terence
  1037 | D:2      | Killed Terence
  1037 | D:2      | Reached skill level 4 in Unarmed Combat
  1037 | D:2      | Reached XP level 3. HP: 7/29 MP: 3/3
  1560 | D:2      | Found a radiant altar of Vehumet.
  1657 | D:2      | Gained mutation: You are immune to rotting. [demonic ancestry]
  1657 | D:2      | Reached XP level 4. HP: 33/36 MP: 4/4
  1824 | D:2      | Noticed Jessica
  1839 | D:2      | Killed Jessica
  2206 | D:3      | Reached XP level 5. HP: 38/42 MP: 5/5
  2263 | D:3      | Noticed Grinder
  2339 | D:3      | Noticed Ijyb
  2370 | D:3      | Killed Ijyb
  2370 | D:3      | Reached skill level 5 in Unarmed Combat
  2533 | D:3      | Noticed Robin
  2596 | D:3      | Killed Robin
  2820 | D:3      | Paralysed by Grinder for 2 turns
  2821 | D:3      | HP: 1/42 [Grinder (6)]
  2855 | D:3      | Killed Grinder
  2855 | D:3      | Reached XP level 6. HP: 19/49 MP: 6/6
  3279 | D:3      | Reached skill level 6 in Unarmed Combat
  3402 | D:4      | Gained mutation: You may emit foul miasma when damaged in melee. [demonic ancestry]
  3402 | D:4      | Reached XP level 7. HP: 43/55 MP: 7/7
  3717 | D:4      | Reached skill level 5 in Fighting
  4038 | D:4      | Noticed Natasha
  4044 | D:4      | Killed Natasha
  4058 | D:4      | Found a snail-covered altar of Cheibriados.
  4341 | D:4      | Found a snail-covered altar of Cheibriados.
  4428 | D:4      | Noticed Crazy Yiuf
  4434 | D:4      | Killed Crazy Yiuf
  4470 | D:5      | Entered Level 5 of the Dungeon
  4780 | D:5      | Reached skill level 7 in Unarmed Combat
  4880 | D:5      | Reached XP level 8. HP: 51/63 MP: 8/8
  5108 | D:5      | Reached skill level 5 in Dodging
  5623 | D:6      | Reached skill level 8 in Unarmed Combat
  5764 | D:6      | Noticed luca467's ghost (experienced OpFi)
  5798 | D:6      | Killed luca467's ghost
  5970 | D:6      | Reached XP level 9. HP: 60/71 MP: 9/9
  6327 | D:7      | Found a staircase to the Ecumenical Temple.
  6791 | D:7      | Found a shattered altar of Ashenzari.
  6859 | D:7      | Reached skill level 9 in Unarmed Combat
  7730 | D:8      | Found a basalt altar of Yredelemnul.
  8749 | D:9      | Reached skill level 10 in Unarmed Combat
  8866 | D:9      | Gained mutation: Your magical capacity is low (-10% MP). [mutagenic meat]
  8901 | D:9      | Found a glowing golden altar of the Shining One.
  8903 | D:9      | Found a sparkling altar of Nemelex Xobeh.
  8905 | D:9      | Found a shadowy altar of Dithmenos.
  9125 | D:9      | Gained mutation: A weak demonic guardian rushes to your aid. [demonic ancestry]
  9125 | D:9      | Reached XP level 10. HP: 70/80 MP: 9/9
  9309 | D:9      | Found a blossoming altar of Fedhas.
  9934 | D:10     | Entered Level 10 of the Dungeon
 10210 | D:10     | Found a staircase to the Lair.
 10293 | D:10     | Found a staircase to the Orcish Mines.
 10813 | D:10     | Reached skill level 11 in Unarmed Combat
 11115 | D:10     | Noticed a hill giant
 11133 | D:10     | Killed a hill giant
 11333 | D:10     | Noticed a purple ugly thing
 11345 | D:10     | Killed a purple ugly thing
 11871 | D:10     | Noticed a hill giant
 11884 | D:10     | Killed a hill giant
 11931 | Orc:1    | Entered Level 1 of the Orcish Mines
 11966 | Orc:1    | Found a burning altar of Makhleb.
 12039 | Orc:1    | Reached XP level 11. HP: 79/89 MP: 9/9
 12064 | Orc:1    | Drew Focus: Dex increased to 19, Int decreased to 11
 12065 | Orc:1    | Drew Focus: Dex increased to 20, Int decreased to 10
 12219 | Orc:1    | Noticed an orc high priest
 12237 | Orc:1    | Killed an orc high priest
 12934 | Orc:3    | Reached skill level 12 in Unarmed Combat
 13005 | Orc:3    | Found a frozen archway.
 13183 | Orc:3    | HP: 4/89 [ice beast (8)]
 13214 | IceCv    | Entered an ice cave
 14890 | IceCv    | Reached skill level 13 in Unarmed Combat
 14896 | IceCv    | Reached skill level 10 in Fighting
 15119 | IceCv    | Noticed a frost giant
 15119 | IceCv    | Noticed a death yak
 15191 | IceCv    | Killed from afar by a frost giant

Vault maps used:
D:1:      evilmike_arrival_home_sweet_home, hangedman_decor_growths
D:2:      fiery_altar_vehumet, uniq_terence, uniq_jessica
D:3:      first_bread, uniq_grinder, uniq_iyjb, uniq_robin
D:4:      lemuel_crystal_altar, cheibriados_altar_wand_db,
          uniq_crazy_yiuf_cottage, uniq_natasha
D:6:      hangedman_abyss_or_decor_lesser_grid, grunt_ministairs_5
D:7:      evilmike_ruin_ashenzari, minmay_temple_entry_large_hall
D:8:      basic_altar
D:9:      grunt_temple_overflow_diamond, fedhas_altar_decomposition
D:10:     minmay_opposing_rooms, minmay_lair_entry_lava, david_orc_2,
          hangedman_fish_farm
Orc:1:    basic_altar, amalloy_card_club
Orc:2:    mines3_lemuel
Orc:3:    portal_ice_cave_entry_ice_beasts, nicolae_orc_pool_cavern
IceCv:    ice_cave_caverns_03

Action                   |  1- 3 |  4- 6 |  7- 9 | 10-12 || total
-------------------------+-------+-------+-------+-------++-------
Melee: Unarmed           |   153 |   238 |   530 |   709 ||  1630
 Fire: Blowgun           |       |       |     3 |       ||     3
Throw: Tomahawk          |       |       |     5 |    42 ||    47
       Throwing net      |       |       |       |     2 ||     2
Evoke: Wand              |       |       |     8 |       ||     8
       Deck              |       |       |       |     4 ||     4
  Use: Scroll            |     1 |     3 |    17 |     3 ||    24
       Potion            |       |     2 |       |     4 ||     6
 Stab: Sleeping          |     2 |     1 |    11 |     3 ||    17
       Distracted        |       |       |     1 |     1 ||     2
  Eat: Chunk             |     2 |     6 |    13 |     9 ||    30
       Meat ration       |       |       |     1 |     3 ||     4
       Pizza             |       |       |     1 |       ||     1
       Beef jerky        |       |       |       |     1 ||     1
